 Dungeon Crawl Stone Soup version 0.17-a0-1949-g1acca9a (webtiles) character file.

1181 Ordine the Cruncher (level 8, 0/62 HPs)
             Began as a Minotaur Gladiator on Oct 2, 2015.
             Slain by an orc (4 damage)
             ... on level 9 of the Dungeon.
             The game lasted 00:13:27 (4940 turns).

Ordine the Cruncher (Minotaur Gladiator)            Turns: 4940, Time: 00:13:27

Health: 0/62       AC:  4    Str: 20      XL:     8   Next: 19%
Magic:  7/7        EV: 13    Int:  4 (5)  God:
Gold:   372        SH:  0    Dex: 15      Spells: 0 memorised, 7 levels left

rFire  . . .     SeeInvis .     a - +0 quarterstaff
rCold  . . .     Clarity  .     w - +0 leather armour of the Mantidfly {MR+} (curse)
rNeg   . . .     SustAt   .     (no shield)
rPois  +         Gourm    .     c - +0 hat
rElec  .         Spirit   .     f - +0 cloak
rCorr  .         Warding  .     (no gloves)
rMut   .         Stasis   .     (no boots)
MR     +....                    (no amulet)
Stlth  ..........               (no ring)
                                s - ring of loudness (curse)

@: somewhat resistant to hostile enchantments, extremely unstealthy
A: retaliatory headbutt, horns 2, agile 1, deterioration 1, poison resistance
a: no special abilities


You were on level 9 of the Dungeon.
You were not hungry.

You visited 1 branch of the dungeon, and saw 8 of its levels.

You collected 372 gold pieces.

Inventory:

Hand weapons
 a - a +0 quarterstaff (weapon)
Missiles
 d - 3 throwing nets (quivered)
Armour
 c - a +0 hat (worn)
 f - a +0 cloak (worn)
 h - a +1 chain mail
 w - the cursed +0 leather armour of the Mantidfly (worn) {MR+}
   (You found it on level 5 of the Dungeon)

   It affects your resistance to hostile enchantments.
   It has a curse placed upon it.
Jewellery
 r - a cursed amulet of inaccuracy {unknown}
 s - a cursed ring of loudness (left hand)
 u - an uncursed amulet of stasis
 y - a +3 ring of slaying {unknown}
Magical devices
 x - a wand of slowing (16)
Scrolls
 b - 2 scrolls of immolation
 i - 4 scrolls of identify
 k - 2 scrolls of teleportation
 m - a scroll of amnesia
 n - a scroll of enchant armour
Potions
 j - 2 potions of cure mutation
 l - a potion of lignification
 o - a potion of curing
 p - a potion of cancellation
 t - 2 potions of haste
Comestibles
 e - 3 bread rations
 g - a beef jerky
 q - 2 fruits
 v - a meat ration


   Skills:
 - Level 2.4 Fighting
 + Level 11.9 Staves
 - Level 2.0 Throwing
 - Level 3.2 Dodging


You had 7 spell levels left.
You didn't know any spells.

Dungeon Overview and Level Annotations

Branches:
Dungeon (9/15)
 Temple: D:4-7         Lair: D:8-11         Orc: D:9-12

Altars:
Elyvilon
Qazlal
Xom
Zin

Shops:
D:4 =   D:5 *

Annotations:
D:9 4 runed doors


Innate Abilities, Weirdness & Mutations

You reflexively headbutt those who attack you in melee.
You have a pair of horns on your head.
You are agile. (Dex +2)
Your body sometimes deteriorates upon taking damage.
Your system is resistant to poisons.


Message History

Drink which item? (? for menu, Esc to quit)
You feel better. The orc closely misses you. You furiously retaliate!
You headbutt the orc.
The orc priest mumbles some strange prayers to Beogh against you.
Something smites you!
* * * LOW HITPOINT WARNING * * *
You are too injured to fight recklessly!
You are too injured to fight recklessly!
You thump the orc!
You kill the orc!
The orc barely misses you. The orc barely misses you.
Things that are here:
a club; an orc corpse The orc priest hits you but does no damage.
The orc closely misses you.
You hit the orc priest but do no damage.
Your headbutt misses the orc priest. The orc priest barely misses you.
The orc warrior closely misses you. The orc hits you.
You die...

..# Y. .. . #.
#########
#.#######.......#
#..........o# # ..
###[)...$.)o###.... ...
###.......Y@o......
...##.............#..##
....#...........### #
#..............#
..#.....†######..###
.............##....##
....................##
....#..$#######......##
....#...# #....F..#


You could see a yak, an orc warrior, an orc priest and an orc.

Vanquished Creatures
  An ogre (D:6)
  A phantom (D:7)
  2 black bears (D:7)
  2 big kobolds
  3 giant frogs
  A crimson imp (D:6)
  2 hounds
  An orc priest (D:5)
  2 orc wizards (D:5)
  6 worker ants
  A hound zombie (D:5)
  2 hound skeletons (D:5)
  5 adders
  A worker ant zombie (D:5)
  2 oozes
  3 worms
  6 giant geckos
  12 orcs
  3 giant cockroaches
  9 hobgoblins
  4 jackals (D:5)
  A ball python (D:2)
  6 bats
  4 giant newts
  8 goblins
  12 kobolds
  2 quokkas
  9 rats
111 creatures vanquished.

Notes
Turn   | Place    | Note
--------------------------------------------------------------
     0 | D:1      | Ordine the Minotaur Gladiator began the quest for the Orb.
     0 | D:1      | Reached XP level 1. HP: 18/18 MP: 0/0
    71 | D:1      | Reached skill level 4 in Staves
   112 | D:1      | Reached XP level 2. HP: 20/25 MP: 1/1
   389 | D:1      | Reached skill level 5 in Staves
   820 | D:2      | Reached XP level 3. HP: 30/30 MP: 2/2
   959 | D:2      | Found a glowing silver altar of Zin.
  1036 | D:2      | Gained mutation: Your system is resistant to poisons. [potion of mutation]
  1036 | D:2      | Gained mutation: You are agile. (Dex +2) [potion of mutation]
  1036 | D:2      | Gained mutation: Your body sometimes deteriorates upon taking damage. [potion of mutation]
  1446 | D:2      | Reached XP level 4. HP: 37/37 MP: 3/3
  1463 | D:2      | Reached skill level 6 in Staves
  1744 | D:3      | Noticed a giant frog
  1751 | D:3      | Killed a giant frog
  1751 | D:3      | Reached XP level 5. HP: 23/42 MP: 4/4
  1754 | D:3      | Reached skill level 7 in Staves
  2253 | D:4      | Found a white marble altar of Elyvilon.
  2396 | D:4      | Found Miwoluik's Jewellery Emporium.
  2723 | D:4      | Found a shimmering altar of Xom.
  2816 | D:5      | Entered Level 5 of the Dungeon
  2863 | D:5      | Reached skill level 8 in Staves
  2869 | D:5      | Reached XP level 6. HP: 45/50 MP: 5/5
  2987 | D:5      | Reached skill level 9 in Staves
  3018 | D:5      | Got a twisted leather armour
  3029 | D:5      | Identified the cursed +0 leather armour of the Mantidfly {MR+} (You found it on level 5 of the Dungeon)
  3073 | D:5      | Found Asakhoett's General Store.
  3901 | D:5      | Reached XP level 7. HP: 36/56 MP: 6/6
  4293 | D:6      | Found a stormy altar of Qazlal.
  4472 | D:6      | Reached skill level 10 in Staves
  4636 | D:6      | You fall through a shaft!
  4679 | D:7      | Reached skill level 11 in Staves
  4732 | D:7      | Reached XP level 8. HP: 37/62 MP: 7/7
  4785 | D:7      | You fall through a shaft for 2 floors!
  4804 | D:9      | Found a huge runed gate.
  4805 | D:9      | Noticed a polar bear
  4914 | D:9      | Found a huge runed gate.
  4915 | D:9      | Found a huge runed gate.
  4916 | D:9      | Found a huge runed gate.
  4917 | D:9      | Noticed a polar bear
  4917 | D:9      | Noticed a polar bear
  4917 | D:9      | Noticed a polar bear
  4917 | D:9      | Noticed a polar bear
  4940 | D:9      | Slain by an orc

Vault maps used:
D:1:      lightli_arrival_farm, hex_large
D:2:      zin_treasury
D:3:      grunt_decor_mini_mirrors
D:4:      overflow_temple_1_default, serial_shops, nicolae_shop_crystal,
          first_bread, grunt_decor_fettered, elyvilon_altar_4
D:5:      serial_shops, shop
D:6:      nemelex_deck, nicolae_qazlal_eye_of_the_storm
D:7:      temple_hall, grunt_livestock, uniq_prince_ribbit1
D:9:      lemuel_bear_cage, kennysheep_mini_moat

Action                   |  1- 3 |  4- 6 |  7- 9 || total
-------------------------+-------+-------+-------++-------
Melee: Quarterstaff      |    72 |   161 |    80 ||   313
Evoke: Wand              |       |       |     1 ||     1
  Use: Scroll            |     8 |     5 |     2 ||    15
       Potion            |     1 |     2 |     2 ||     5
  Eat: Chunk             |     2 |     6 |     3 ||    11
       Beef jerky        |       |       |     1 ||     1
